 Dungeon Crawl Stone Soup version 0.28.0-62-gf88900778d (webtiles) character file.

Game seed: 17134317059730955109

91 Coron the Sneak (level 4, 37/42 HPs)
             Began as a Deep Dwarf Delver on Mar 28, 2023.
             Was a High Priest of Ignis.
             Quit the game on level 1 of the Dungeon.
             The game lasted 00:05:41 (1029 turns).

Coron the Sneak (Deep Dwarf Delver)                 Turns: 1029, Time: 00:05:41

Health: 37/42      AC:  4    Str: 17    XL:     4   Next: 33%
Magic:  4/4        EV: 16    Int: 11    God:    Ignis [*****.]
Gold:   41         SH:  0    Dex: 14    Spells: 3/3 levels left

rFire   + . .      SeeInvis .   a - +0 hand axe
rCold   . . .      Faith    .   (no shield)
rNeg    . . .      Spirit   .   b - +0 leather armour
rPois   .          Reflect  .   (no helmet)
rElec   .          Harm     .   (no cloak)
rCorr   .          Rampage  .   (no gloves)
Will    .....                   p - +0 pair of boots
Stlth   +++.......              (no amulet)
HPRegen 0.00/turn               f - +4 ring of evasion
MPRegen 0.09/turn               (no ring)

@: no status effects
A: damage resistance, heal wounds, sense surroundings 1, no regeneration
a: Heal Wounds, Renounce Religion, Fiery Armour, Foxfire Swarm, Rising Flame


You were on level 1 of the Dungeon.
You worshipped Ignis.
Ignis was extremely pleased with you.
You visited 1 branch of the dungeon, and saw 6 of its levels.

You collected 41 gold pieces.

Inventory:

Hand Weapons
 a - a +0 hand axe (weapon)
Missiles
 j - 29 stones (quivered)
 r - 3 atropa-tipped darts
Armour
 b - a +0 leather armour (worn)
 p - a +0 pair of boots (worn)
Jewellery
 f - a +4 ring of evasion (left hand)
 k - a +6 ring of intelligence
Wands
 g - a wand of digging (2)
Scrolls
 c - a scroll of fog
 d - a scroll of magic mapping
 l - a scroll of summoning {unknown}
 m - a scroll of brand weapon {unknown}
 o - 4 scrolls of identify {unknown}
 q - a scroll of vulnerability {unknown}
Potions
 e - a potion of berserk rage {unknown}
 h - a potion of curing {unknown}
 i - a potion of magic {unknown}
 n - 2 potions of brilliance {unknown}


   Skills:
 - Level 3.0 Fighting
 + Level 3.4 Axes
 - Level 2.0 Armour
 - Level 3.0 Dodging
 - Level 6.3 Stealth


You had 3 spell levels left.
You didn't know any spells.
Your spell library contained the following spells:

 Spells                   Type           Power      Damage    Failure   Level
 Magic Dart               Conj           0%         1d3       38%         1
 Call Imp                 Summ           0%         N/A       54%         2
 Mephitic Cloud           Conj/Pois/Air  0%         N/A       77%         3


Dungeon Overview and Level Annotations

Branches:
Dungeon (6/15)
 Temple: D:4-7

Altars:
Ignis

Annotations:
D:5 Dowan


Innate Abilities, Weirdness & Mutations

You are resistant to damage.
You can heal yourself by infusing magical energy.
You passively map a small area around you.
You do not regenerate.


Message History

You hit the jackal but do no damage.
The jackal is heavily wounded.
You hit the jackal but do no damage. You barely miss the bat.
The bat closely misses you. The jackal completely misses you.
The jackal bites you but does no damage.
You slash the jackal!
You kill the jackal!
You hit the jackal. The jackal barely misses you. The bat closely misses you.
The jackal misses you.
You see here a jackal corpse.
You slash the jackal!
You kill the jackal!
You miss the bat. The bat closely misses you. The bat misses you.
You hit the bat.
You kill the bat!
Things that are here:
a bat corpse; a jackal corpse; a jackal corpse You now have 41 gold pieces (gained 6).
You hit the fungus.
The fungus begins to die.
The fungus is lightly damaged.
You hit the fungus.
The fungus is lightly damaged.
You hit the fungus.
The fungus is lightly damaged.
You hit the fungus.
The fungus is lightly damaged.
A nearby fungus withers and dies.
You hit the plant.
The plant begins to die.
The plant is lightly damaged.
You hit the fungus.
The fungus begins to die.
You hit the fungus.
The fungus begins to die.
A nearby fungus withers and dies.
A nearby fungus withers and dies.
A nearby plant withers and dies.
You see here 3 atropa-tipped darts.
r - 3 atropa-tipped darts
There is a faded altar of an unknown god here.
You cannot tell which god this altar belongs to.
Convert to them anyway?
Ignis accepts your prayer! Ignis welcomes you!
Are you sure you want to abandon this character and quit the game? (Confirm with "yes".)

#.##.P.##. #...#*
#..P..P.####...# ,
###P.P.P..#......# *
#.#P..P...#......#,
#.P.PP....##....# ,
#...P.....##..>.##,,
#PP..PP...#......# *
#..PP..P..###..#.#, ,
#####@#######....#####
#.........##..#.......
#.P.....P.##.####..#..
#P........#.......>...
##...PP..†.#.######..##
#.#P..P...#..# #..##
#.#P..P...##.# ##..#
#.#P......##.# ##.#
#..##...##.#.# #.#


There were no monsters in sight!

Vanquished Creatures
  A hound (D:4)
  A bullfrog skeleton (D:6)
  2 ball pythons
  4 bats
  2 endoplasms
  4 giant cockroaches
  2 goblins
  3 hobgoblins (D:1)
  4 jackals (D:1)
  3 kobolds (D:1)
  A quokka (D:1)
  2 rats
29 creatures vanquished.

Vanquished Creatures (others)
  3 demonic plants (D:1)
  3 fungi (D:1)
  A plant (D:1)
  A withered plant (D:1)
8 creatures vanquished.

Grand Total: 37 creatures vanquished

Notes
Turn   | Place    | Note
-------+----------+-------------------------------------------
     0 | D:5      | Coron the Deep Dwarf Delver began the quest for the Orb.
     0 | D:5      | Reached XP level 1. HP: 20/20 MP: 1/1
     3 | D:5      | Noticed a scorpion
    17 | D:5      | Noticed a hound
    95 | D:6      | Reached XP level 2. HP: 12/28 MP: 2/2
   115 | D:6      | Noticed an ogre
   122 | D:5      | Noticed a sky beast
   124 | D:5      | Noticed Dowan
   162 | D:5      | Noticed an ogre
   210 | D:4      | Reached skill level 1 in Armour
   210 | D:4      | Reached XP level 3. HP: 22/34 MP: 3/3
   570 | D:1      | Reached XP level 4. HP: 42/42 MP: 4/4
   814 | D:1      | Found a faded altar of an unknown god.
  1028 | D:1      | Prayed at the altar of an unknown god.
  1028 | D:1      | Became a worshipper of Ignis, the Dying Flame
  1029 | D:1      | Quit the game

Illustrated notes

Levels and vault maps discovered:
D:1:      dpeg_arrival_round_b, layout_rooms, shapermc_ecumenical_altar_gd,
          st_stairs_5, minmay_statues_item
D:2:      minmay_alternating_diamond, layout_basic, minmay_misc_feat_cross,
          hangedman_abyss_or_decor_stabs, nicolae_elevator_lobby_plus
D:3:      layout_rooms, gammafunk_ghost_abyssal_escape, uniq_ijyb
D:4:      layout_basic, lemuel_temple_firewalk_b, uniq_grinder, uniq_natasha
D:5:      layout_loops_cross, uniq_duvessa, uniq_sigmund
D:6:      layout_layer_cave, mainiacjoe_overflow_boulevard, minmay_manual_mess,
          uniq_crazy_yiuf_cottage

Skill      XL: |  1  2  3  4 |
---------------+-------------+-----
Fighting       | 3 |  3.0
Axes           | 3 |  3.4
Armour         | 1 2 |  2.0
Dodging        | 3 |  3.0
Stealth        | |  6.3

Action                   |  1- 3 |  4- 6 || total
-------------------------+-------+-------++-------
Melee: Hand axe          |    35 |    60 ||    95
Throw: Stone             |     7 |       ||     7
 Abil: Heal Wounds       |     3 |       ||     3
Evoke: Wand              |       |     1 ||     1
  Use: Scroll            |     1 |       ||     1
       Potion            |     1 |       ||     1
 Stab: Sleeping          |     6 |     3 ||     9
Armor: Leather armour    |     8 |    20 ||    28
Dodge: Dodged            |    60 |    88 ||   148
